 Dungeon Crawl Stone Soup version 0.30-a0-474-g5673dd7ce6 (webtiles) character file.

Game seed: 13111036429962121852

4504 MordorOrchid the Magician (level 10, -5/70 HPs)
             Began as a Djinni Fire Elementalist on Dec 18, 2022.
             Was a Believer of Makhleb.
             Killed from afar by an acid dragon (29 damage)
             ... with a splash of acid
             ... on level 9 of the Dungeon on Dec 20, 2022.
             The game lasted 00:54:11 (8402 turns).

MordorOrchid the Magician (DjFE)                    Turns: 8402, Time: 00:54:11

Health: -5/70      AC:  4    Str:  7    XL:     10   Next: 65%
Gold:   1339       EV: 29    Int: 28    God:    Makhleb [**....] SH:  0 Dex: 13

rFire   + + .      SeeInvis .    J - staff of conjuration
rCold   x . .      Faith    .    (no shield)
rNeg    . . .      Spirit   .    P - +2 robe {Archmagi}
rPois   ∞          Reflect  .    q - +2 hat
rElec   .          Harm     .    w - +1 cloak
rCorr   .          Rampage  .    (no gloves)
Will    +....      Archmagi +    (boots unavailable)
Stlth   ++........               C - amulet of the acrobat
HPRegen 0.31/turn                I - +6 ring of intelligence
MPRegen 0.00/turn                b - +4 ring of protection

@: corroded, acrobatic, flying
A: sickness immunity, fire resistance 2, cold vulnerability 1, float, innate
caster, HP casting, extra vitality 1
a: Renounce Religion, Minor Destruction


You were on level 9 of the Dungeon.
You worshipped Makhleb.
Makhleb was pleased with you.
You visited 2 branches of the dungeon, and saw 10 of its levels.
You also visited: Bailey.

You collected 1339 gold pieces.

Inventory:

Hand Weapons
 k - a +0 short sword
 y - a +0 dagger of flaming
Missiles
 x - 15 curare-tipped darts
 A - 28 poisoned darts (quivered)
 F - 27 boomerangs
Armour
 a - a +0 robe
 g - a +2 robe of resistance
 o - an orb of wrath
 q - a +2 hat (worn)
 w - a +1 cloak (worn)
 B - an orb of mayhem
 D - a +0 tower shield
 O - the +1 leather armour of Gestures {Int+2 Dex+4}
   (You took it off a hobgoblin in a bailey)

   Int:       It affects your intelligence (+2).
   Dex:       It affects your dexterity (+4).
 P - a +2 robe of the Archmagi (worn)
 Q - +0 steam dragon scales
Magical Staves
 J - a staff of conjuration (weapon)
Jewellery
 b - a +4 ring of protection (right hand)
 d - a +6 ring of intelligence
 u - an amulet of reflection
 C - an amulet of the acrobat (around neck)
 I - a +6 ring of intelligence (left hand)
Wands
 t - a wand of paralysis (15)
 z - a wand of polymorph (26)
Scrolls
 e - 2 scrolls of immolation
 h - 2 scrolls of enchant armour
 l - a scroll of fear {unknown}
 n - 2 scrolls of teleportation
 p - a scroll of summoning {unknown}
 N - a scroll of blinking {unknown}
 R - a scroll of magic mapping
 S - a scroll of noise {unknown}
Potions
 c - a potion of brilliance {unknown}
 f - a potion of invisibility {unknown}
 i - 3 potions of attraction
 j - 4 potions of curing
 m - 2 potions of resistance
 r - 2 potions of lignification
 v - a potion of ambrosia
 G - 3 potions of haste
 H - a potion of berserk rage
 K - 4 potions of mutation
 L - 3 potions of heal wounds
 M - a potion of cancellation


   Skills:
 * Level 5.1 Fighting
 - Level 4.0 Throwing
 - Level 2.0 Armour
 * Level 5.8 Dodging
 - Level 3.0 Stealth
 + Level 7.5 Spellcasting
 * Level 4.3 Invocations
 * Level 4.7 Evocations


You had one spell level left.
You knew the following spells:

 Your Spells              Type           Power      Damage    Failure   Level
a - Foxfire               Conj/Fire      100%       2x1d9     1%          1
b - Scorch                Fire           100%       2d10      1%          2
c - Kindle Blastsparks    Fire/Tloc/Air  100%       2d18      1%          3
d - Inner Flame           Hex/Fire       68%        N/A       1%          3
e - Flame Wave            Conj/Fire      87%        2d19      2%          4
f - Freeze                Ice            100%       1d10      1%          1
g - Vhi's Electric Charg  Tloc/Air       100%       N/A       1%          3
h - Animate Dead          Necr           68%        N/A       2%          4
w - Passwall              Tmut/Erth      56%        N/A       1%          2
Your spell library was empty.

Dungeon Overview and Level Annotations

Branches:
Dungeon (9/15)             Temple (1/1) D:4          Bailey (visited)
   Lair: D:8-11         Orc: D:9-12

Altars:
Ashenzari
Cheibriados
Elyvilon
Fedhas
Gozag
Hepliaklqana
Makhleb
Nemelex Xobeh
Okawaru
Qazlal
Ru
Uskayaw
Wu Jian
Yredelemnul
Zin

Annotations:
D:2 1 runed translucent door, Crazy Yiuf
D:3 Grinder
D:5 2 transporters, fly's ghost, weakling DgDe
D:7 exclusion: 2 wights


Innate Abilities, Weirdness & Mutations

You are immune to sickness and miasma.
You are immune to poison.
Your flesh is very heat resistant. (rF++)
You are vulnerable to cold. (rC-)
You float through the air rather than walking.
You learn spells naturally, not from books.
Your magical power is your life essence.
You have superior vitality. (+4 MHP)


Message History

The acid dragon spits acid at you. The splash of acid hits you!
The acid corrodes you!
You hear a bellow!
You hear a roar!
You hear an angry buzzing noise.
You hear a bellow!
You are no longer corroded.
You start resting.
An acid dragon is nearby!
Casting: Foxfire (safe; 1% risk of failure)
Confirm with . or Enter, or press ? or * to list all spells.
You feel a surge of power!
A cloud of volatile blastsparks flares up around you!
The acid dragon spits acid at you. The splash of acid hits you!
The acid corrodes you!
The cloud of blastsparks explodes!
The concussive blast engulfs the acid dragon!!
The acid dragon is almost dead.
You hear an angry hiss.
Casting: Kindle Blastsparks (safe; 1% risk of failure)
Confirm with . or Enter, or press ? or * to list all spells.
You feel a surge of power!
A cloud of volatile blastsparks flares up around you!
The acid dragon spits acid at you. The splash of acid misses you.
You see here a +0 spear.
Casting: Kindle Blastsparks (safe; 1% risk of failure)
Confirm with . or Enter, or press ? or * to list all spells.
You feel a surge of power!
A cloud of volatile blastsparks flares up around you!
The acid dragon spits acid at you. The splash of acid hits you.
You hear an angry hiss.
Items here: )) [ †.
The acid dragon spits acid at you. The splash of acid hits you!!
The acid corrodes you!
Things that are here:
a +0 whip; a +0 whip; a gnoll corpse You see here a There-And-Back Book.
The acid dragon spits acid at you. The splash of acid hits you!!
You die...

######............#
....#.........###.#
....#..........##.#
....#..........##.#
.............#.##.#
....###...........#
.....###...###.####
.....# ##### #...#
#.##.# ###@#
..##.###### #.#
####......# #.#
####......# #.#
..........# ###.#
#####.....# ##.#.#
# #.....# #..D:#
####### ##)### #)#


You could see an acid dragon (catching breath).

Vanquished Creatures
  2 orc knights (Bailey)
  4 steam dragons
  2 water moccasins
  5 orc warriors
  An ice beast (D:6)
  3 sky beasts
  2 ogres (D:4)
  3 centaurs
  A phantom (D:4)
  Blork the orc (D:5)
  A bullfrog (D:7)
  2 kobold brigands
  5 necrophages
  2 scorpions
  3 howler monkeys (D:8)
  3 hounds
  A jelly (D:5)
  4 orc priests
  A gnoll bouda (D:9)
  Ijyb (D:3)
  10 orc wizards
  10 gnolls
  3 adders
  2 shadow imps
  A white imp (D:7)
  2 ufetubi (D:6)
  2 dart slugs
  34 orcs
  3 ball pythons
  11 endoplasms
  5 giant cockroaches
  10 goblins
  13 hobgoblins
  3 jackals (D:5)
  27 kobolds
  2 quokkas
  2 bats (D:1)
  4 frilled lizards
  4 rats
195 creatures vanquished.

Vanquished Creatures (others)
  A gnoll zombie (Bailey)
  A kobold zombie (Bailey)
  728 foxfires
730 creatures vanquished.

Grand Total: 925 creatures vanquished

Notes
Turn   | Place    | Note
-------+----------+-------------------------------------------
     0 | D:1      | MordorOrchid the Djinni Fire Elementalist began the quest
                  | for the Orb.
     0 | D:1      | MordorOrchid set off with the following spells memorised:
                  | Foxfire, Scorch, Kindle Blastsparks, Inner Flame, Flame
                  | Wave.
     0 | D:1      | Reached XP level 1. HP: 15/15 MP: 0/0
   221 | D:1      | Reached XP level 2. HP: 21/21 MP: 0/0
   460 | D:1      | Found a faded altar of an unknown god.
   549 | D:1      | Reached XP level 3. HP: 25/26 MP: 0/0
   549 | D:1      | Learned a level 1 spell: Freeze
  1087 | D:2      | Reached skill level 1 in Fighting
  1087 | D:2      | Reached skill level 3 in Spellcasting
  1257 | D:2      | Found a runed translucent door.
  1258 | D:2      | Noticed Crazy Yiuf
  1367 | D:2      | Reached XP level 4. HP: 31/32 MP: 0/0
  1775 | D:3      | Noticed Ijyb
  1790 | D:3      | Killed Ijyb
  2615 | D:3      | Noticed Grinder
  2912 | D:4      | Noticed an ogre
  2925 | D:4      | Killed an ogre
  2926 | D:4      | Reached skill level 1 in Evocations
  2926 | D:4      | Reached XP level 5. HP: 37/38 MP: 0/0
  2926 | D:4      | Learned a level 2 spell: Passwall
  2960 | D:4      | Reached XP level 6. HP: 40/43 MP: 0/0
  3077 | D:4      | Noticed an ogre
  3091 | D:4      | Killed an ogre
  3225 | D:4      | Reached skill level 1 in Throwing
  3225 | D:4      | Reached skill level 4 in Spellcasting
  3225 | D:4      | Reached XP level 7. HP: 46/49 MP: 0/0
  3225 | D:4      | Learned a level 3 spell: Vhi's Electric Charge
  3269 | D:4      | Found a staircase to the Ecumenical Temple.
  3367 | Temple   | Entered the Ecumenical Temple
  3377 | Temple   | Became a worshipper of Makhleb the Destroyer
  3492 | D:5      | Entered Level 5 of the Dungeon
  3492 | D:5      | Noticed Blork the orc
  3730 | D:5      | Found a transporter.
  3732 | D:5      | Found a transporter.
  3733 | D:5      | Noticed fly's ghost (weakling DgDe)
  3784 | D:5      | Reached skill level 1 in Invocations
  3807 | D:5      | Killed Blork the orc
  3808 | D:5      | Reached XP level 8. HP: 44/55 MP: 0/0
  4408 | D:6      | Reached skill level 5 in Spellcasting
  5083 | D:7      | Reached XP level 9. HP: 51/61 MP: 0/0
  5083 | D:7      | Learned a level 4 spell: Animate Dead
  5102 | D:7      | Found a flagged portal.
  5148 | Bailey   | Entered a bailey
  5155 | Bailey   | Noticed an orc knight
  5166 | Bailey   | Noticed an orc knight
  5170 | Bailey   | Reached * piety under Makhleb
  5264 | Bailey   | Killed an orc knight
  5265 | Bailey   | Reached skill level 6 in Spellcasting
  5396 | Bailey   | Identified the +1 leather armour of Gestures {Int+2 Dex+4}
  5457 | Bailey   | Killed an orc knight
  5458 | Bailey   | Reached skill level 5 in Dodging
  5651 | D:7      | Found a glowing silver altar of Zin.
  5749 | D:7      | Paralysed by an orc for 3 turns
  5818 | D:7      | Reached XP level 10. HP: 16/69 MP: 0/0
  6191 | D:7      | Reached ** piety under Makhleb
  6192 | D:7      | Reached skill level 1 in Armour
  6445 | D:7      | Reached skill level 7 in Spellcasting
  6523 | D:7      | Found an iron altar of Okawaru.
  6673 | D:7      | Found a blossoming altar of Fedhas.
  6677 | D:7      | Found a hazy altar of Hepliaklqana.
  6880 | D:7      | Upgraded the game from 0.30-a0-465-g8901f6c8b5 to
                  | 0.30-a0-474-g5673dd7ce6
  7281 | D:8      | Reached skill level 5 in Fighting
  8402 | D:9      | Killed from afar by an acid dragon

Illustrated notes

Levels and vault maps discovered:
D:1:      minmay_arrival_stone_box, layout_basic,
          ebering_ecumenical_altar_abandoned, minmay_tromino_v4_b
D:2:      layout_loops_cross, serial_bayou_crossing, uniq_crazy_yiuf_cottage
D:3:      layout_loops_corners, serial_aquarium, aquarium_bridge_straight
          [aquarium_subvault_bridge, aquarium_subvault_window,
          aquarium_subvault_bridge, aquarium_subvault_balcony],
          aquarium_window_fake, aquarium_window_fake, aquarium_window_2,
          aquarium_window_corridor_3, aquarium_view_2b, aquarium_view_2c,
          guppyfry_early_lair_pool, uniq_ijyb, uniq_grinder
D:4:      corexii_shack_village, layout_rooms, minmay_temple_entry_nine_rooms
D:5:      layout_rooms, gammafunk_ghost_hive, uniq_blork_the_orc
D:6:      layout_loops_ring
D:7:      cheibrodos_steamvent, layout_basic,
          mainiacjoe_overflow_surrounded_room, nicolae_overflow_hidden_temple,
          enter_bailey_4
D:8:      layout_loops_corners
D:9:      layout_loops_cross, st_stairs_5
Temple:   nicolae_temple_x_marks_the_god

Skill      XL: |  1  2  3  4  5  6  7  8  9 10 |
---------------+-------------------------------+-----
Fighting       | 1 2 3 4 5 |  5.1
Spellcasting   | 3 4 5 6 7 |  7.5
Stealth        | 2 3 |  3.0
Evocations     | 1 2 3 4 |  4.7
Dodging        | 3 4 5 |  5.8
Throwing       | 1 2 3 4 |  4.0
Invocations    | 1 2 3 4 |  4.3
Armour         | 2 |  2.0

Action                   |  1- 3 |  4- 6 |  7- 9 | 10-12 || total
-------------------------+-------+-------+-------+-------++-------
Melee: Short sword       |     3 |     4 |       |       ||     7
       Staff             |       |     1 |       |     1 ||     2
       Dagger            |       |       |       |     5 ||     5
Throw: Dart              |       |       |     3 |     5 ||     8
 Cast: Foxfire           |    49 |    71 |   210 |    94 ||   424
       Kindle Blastspark |       |       |     1 |    14 ||    15
       Flame Wave        |       |       |     4 |     9 ||    13
       Animate Dead      |       |       |     1 |       ||     1
       Freeze            |       |       |       |     8 ||     8
       Scorch            |       |       |       |     3 ||     3
       Passwall          |       |       |       |     1 ||     1
Evoke: Wand              |       |     2 |     1 |     4 ||     7
  Use: Scroll            |     3 |     5 |     6 |     4 ||    18
 Stab: Sleeping          |     1 |       |       |     1 ||     2
       Paralysed         |       |     5 |       |     4 ||     9
Armor: Robe              |     5 |     4 |    16 |    27 ||    52
Dodge: Dodged            |     4 |     8 |    46 |    67 ||   125
Block: Other             |       |     2 |       |       ||     2

Table legend: (Time is in decaauts)
 A = Elapsed time spent in this place.
 B = Non-inter-level travel time spent in this place.
 C = Inter-level travel time spent in this place.
 D = Time resting spent in this place.
 E = Time spent auto-exploring this place.
 F = Levels seen in this place.
 G = Mean time per level.
                   A        B        C        D        E       F      G
               +--------+--------+--------+--------+--------+-----+--------+
         Total |   8395 |   7940 |    455 |    546 |   5221 |  11 |  763.2 |
       Dungeon |   7919 |   7475 |    444 |    515 |   5194 |   9 |  879.9 |
        Temple |     20 |     10 |     10 |      0 |      0 |   1 |   20.0 |
        Bailey |    454 |    454 |      0 |     31 |     27 |   1 |  454.0 |
               +--------+--------+--------+--------+--------+-----+--------+

Top non-repeatable levels by time:
     D:7: 1255 daAuts
     D:6: 1142 daAuts
     D:3: 1066 daAuts
     D:8: 1038 daAuts
     D:1: 975 daAuts
     D:2: 759 daAuts
     D:4: 715 daAuts
     D:5: 504 daAuts
     D:9: 463 daAuts
  Bailey: 454 daAuts
  Temple: 20 daAuts
